 Dungeon Sprint DCSS version 0.17-a0-1642-gd4b747b (webtiles) character file.

17865 Kidiri the Peltast (level 12, -2/115 HPs)
             Began as a Minotaur Fighter on Aug 8, 2015.
             Was the Champion of Okawaru.
             Slain by a wandering mushroom (10 damage)
             ... in the Dungeon (Sprint VII: "The Pits").
             The game lasted 00:13:50 (2269 turns).

Kidiri the Peltast (Minotaur Fighter)               Turns: 2269, Time: 00:13:50

Health: -2/115     AC: 21    Str: 30    XL:     12   Next: 22%
Magic:  13/16      EV: 15    Int:  7    God:    Okawaru [******]
Gold:   39         SH: 17    Dex:  6    Spells: 0 memorised, 11 levels left

rFire  . . .     SeeInvis .     G - +5 mace of Generosity {drain, Str+4 Int+2 Dex-4}
rCold  . . .     Clarity  .     b - +4 scale mail
rNeg   . . .     SustAt   .     c - +0 shield
rPois  +         Gourm    .     (helmet restricted)
rElec  .         Spirit   .     (no cloak)
rCorr  .         Warding  .     w - +0 pair of gloves
rMut   .         NoTele   +     (no boots)
MR     .....                    (no amulet)
Stlth  +.........               t - +3 ring of protection
                                H - ring of poison resistance

@: liquid flames, afraid, heroism, finesse, slowed, glowing, very slow, not
resistant to hostile enchantments, very unstealthy
A: retaliatory headbutt, horns 2, low mp 1, evolution 1
a: Heroism, Finesse, Renounce Religion


You were in the Dungeon.
You worshipped Okawaru.
Okawaru was exalted by your worship.
You were not hungry.

You visited 1 branch You collected 39 gold pieces.

Inventory:

Hand weapons
 a - a +2 morningstar of protection
 k - a +0 mace
 l - a +4 mace of protection
 G - the +5 mace of Generosity (weapon) {drain, Str+4 Int+2 Dex-4}
   (You found it in the Dungeon)

   A truly terrible weapon, it drains the life of those it strikes.
   It affects your strength (+4).
   It affects your intelligence (+2).
   It affects your dexterity (-4).
Missiles
 x - 3 throwing nets
 y - 6 javelins of returning
 z - 8 tomahawks of returning (quivered)
Armour
 b - a +4 scale mail (worn)
 c - a +0 shield (worn)
 w - a +0 pair of gloves (worn)
Jewellery
 s - a +3 ring of strength
 t - a +3 ring of protection (right hand)
 F - an uncursed ring of fire
 H - a ring of poison resistance (left hand)
Scrolls
 p - 5 scrolls of remove curse
 q - 6 scrolls of amnesia
 r - a scroll of summoning
 A - 5 scrolls of enchant weapon
 B - 2 scrolls of identify
 C - 2 scrolls of fog
 D - a scroll of fear
 E - a scroll of recharging
Potions
 d - 2 potions of might
 f - 9 potions of curing
 g - 8 potions of heal wounds
 h - 3 potions of haste
 i - 4 potions of magic
 j - 3 potions of berserk rage
 o - 2 potions of invisibility
 u - 2 potions of cure mutation
 v - a potion of agility
Comestibles
 e - 7 bread rations
 m - 40 fruits
 n - 7 meat rations


   Skills:
 + Level 13.2(18.2) Fighting
 * Level 17.0(22.0) Maces & Flails
 * Level 17.3(22.3) Armour
 + Level 11.7(16.7) Dodging
 * Level 17.5(22.5) Shields
 + Level 10.4 Invocations


You had 11 spell levels left.
You didn't know any spells.

Dungeon Overview and Level Annotations

Branches:
Dungeon (1/1)

Altars:
Ashenzari
Cheibriados
Dithmenos
Elyvilon
Fedhas
Gozag
Kikubaaqudgha
Makhleb
Nemelex Xobeh
Okawaru
Qazlal
Ru
Sif Muna
Trog
Vehumet
Xom
Yredelemnul
Zin
The Shining One
Beogh
Jiyva
Lugonu


Innate Abilities, Weirdness & Mutations

You reflexively headbutt those who attack you in melee.
You have a pair of horns on your head.
Your magical capacity is low (-10% MP).
You evolve.


Message History

The wandering mushroom closely misses you.
The deep elf summoner casts a spell.
You sock the mottled dragon! You drain the mottled dragon!
You kill the mottled dragon!
Okawaru accepts your kill.
You are covered in liquid flames!
The ghoul claws you but does no damage. You block the ghoul's attack.
You thump the ghoul!
The ghoul is moderately damaged.
You are covered in liquid flames!
* * * LOW HITPOINT WARNING * * *
You block the hill giant's attack. The eidolon hits you!!
* * * LOW HITPOINT WARNING * * *
The eidolon drains your vigour!
You feel as though you will be slow longer.
* * * LOW HITPOINT WARNING * * *
The eidolon hits you.
* * * LOW HITPOINT WARNING * * *
The wandering mushroom releases spores at you!
You die...

#....................+
#..################..# #..#
y# #.#..# #..# .# #s##..#
#..# T# #S# #..# #..# O#
#e# #..# #..# n#s# #..#
#..#########n######..#
######.........W@f........#
____##.........(C†........#
____###########''##########
+##############''######
.+..##................#
.#?(##......#..#......#
+#####................+
.....+................+
+#####......#..#......#


You could see a ghoul, an eidolon, a hill giant, a demonic crawler, a deep elf
summoner, a wandering mushroom, a guardian serpent and a redback.

Vanquished Creatures
  A ghost moth (D)
  2 ghouls (D)
  A red draconian (D)
  Snorg (D)
  A merfolk javelineer (D)
  Josephine (D)
  Harold (D)
  A merfolk avatar (D)
  A vampire mage (D)
  A fire crab (shapeshifter) (D)
  A phantasmal warrior (D)
  A lindwurm (D)
  4 harpies (D)
  A cyclops (D)
  An elephant (D)
  2 molten gargoyles (D)
  2 freezing wraiths (D)
  A merfolk (D)
  2 two-headed ogres (D)
  A giant leech (D)
  A vampire (D)
  2 tarantellas (D)
  A shadow (D)
  2 redbacks (D)
  A water elemental (D)
  5 wraiths (D)
  2 mottled dragons (D)
  Menkaure (D)
  2 deep elf fighters (D)
  A warg (D)
  A soldier ant (D)
  2 ice beasts (D)
  A black bear (D)
  2 ogres (D)
  A brain worm (D)
  A giant frog (D)
  4 wights (D)
  2 quasits (D)
  A hound (D)
  A gnoll shaman (D)
  An iron imp (D)
  An iguana (D)
  Jessica (D)
  2 worker ants (D)
  7 sheep (D)
  6 gnolls (D)
  An adder (D)
  A white imp (D)
  An ufetubus (D)
  An ooze (D)
  An adder zombie (D)
  A giant gecko (D)
  3 quokkas (D)
  A bat (D)
  A giant cockroach zombie (D)
  A giant gecko skeleton (D)
  2 rats (D)
93 creatures vanquished.

Notes
Turn   | Place    | Note
--------------------------------------------------------------
     0 | D        | Kidiri the Minotaur Fighter began the quest for the Orb.
     0 | D        | Reached XP level 1. HP: 19/19 MP: 0/0
    14 | D        | Noticed a worker ant
    21 | D        | Killed a worker ant
    21 | D        | Reached skill level 4 in Fighting
    21 | D        | Reached skill level 1 in Dodging
    21 | D        | Reached XP level 2. HP: 18/27 MP: 1/1
    59 | D        | Found a sacrificial altar of Ru.
    59 | D        | Found a basalt altar of Yredelemnul.
    59 | D        | Found a shadowy altar of Dithmenos.
    59 | D        | Found a deep blue altar of Sif Muna.
    59 | D        | Found a burning altar of Makhleb.
    59 | D        | Found a shimmering altar of Xom.
    59 | D        | Found an ancient bone altar of Kikubaaqudgha.
    59 | D        | Found a sparkling altar of Nemelex Xobeh.
    60 | D        | Found a glowing golden altar of the Shining One.
    60 | D        | Found a bloodstained altar of Trog.
    60 | D        | Found a shattered altar of Ashenzari.
    60 | D        | Found a white marble altar of Elyvilon.
    60 | D        | Found a snail-covered altar of Cheibriados.
    60 | D        | Found a blossoming altar of Fedhas.
    60 | D        | Found a radiant altar of Vehumet.
    60 | D        | Found a glowing silver altar of Zin.
    60 | D        | Found a corrupted altar of Lugonu.
    60 | D        | Found a viscous altar of Jiyva.
    60 | D        | Found a roughly hewn altar of Beogh.
    60 | D        | Found an iron altar of Okawaru.
    66 | D        | Found a stormy altar of Qazlal.
    67 | D        | Found an opulent altar of Gozag.
    69 | D        | Became a worshipper of Warmaster Okawaru
   120 | D        | Noticed a brain worm
   128 | D        | Lost intelligence.
   131 | D        | Killed a brain worm
   131 | D        | Acquired Okawaru's first power
   131 | D        | Reached skill level 5 in Fighting
   131 | D        | Reached skill level 5 in Maces & Flails
   131 | D        | Reached skill level 6 in Armour
   131 | D        | Reached XP level 3. HP: 24/36 MP: 2/2
   131 | D        | Reached XP level 4. HP: 28/42 MP: 3/3
   249 | D        | Noticed a giant frog
   254 | D        | Killed a giant frog
   254 | D        | Reached skill level 7 in Armour
   254 | D        | Reached XP level 5. HP: 39/50 MP: 4/4
   341 | D        | Noticed an ice beast
   357 | D        | Killed an ice beast
   357 | D        | Reached skill level 8 in Armour
   357 | D        | Reached skill level 1 in Invocations
   357 | D        | Reached XP level 6. HP: 47/57 MP: 3/6
   364 | D        | Noticed Jessica
   365 | D        | Noticed a black bear
   365 | D        | Noticed a worker ant
   366 | D        | Killed a worker ant
   369 | D        | Killed a black bear
   369 | D        | Reached skill level 5 in Dodging
   369 | D        | Reached skill level 9 in Shields
   371 | D        | Killed Jessica
   375 | D        | Noticed an iron imp
   381 | D        | Killed an iron imp
   437 | D        | Noticed a freezing wraith
   452 | D        | Killed a freezing wraith
   452 | D        | Reached skill level 10 in Shields
   452 | D        | Reached XP level 7. HP: 22/66 MP: 6/8
   660 | D        | Noticed Menkaure
   660 | D        | Noticed an ice beast
   672 | D        | Killed an ice beast
   672 | D        | Reached skill level 10 in Armour
   677 | D        | Killed Menkaure
   677 | D        | Reached skill level 10 in Maces & Flails
   692 | D        | Noticed a deep elf fighter
   692 | D        | Noticed a redback
   692 | D        | Noticed a cyclops
   703 | D        | Killed a redback
   703 | D        | Reached XP level 8. HP: 59/74 MP: 8/10
   719 | D        | Killed a cyclops
   719 | D        | Reached skill level 11 in Armour
   719 | D        | Reached skill level 5 in Invocations
   726 | D        | Killed a deep elf fighter
   948 | D        | Noticed a deep elf fighter
   948 | D        | Noticed a wraith
   948 | D        | Noticed an ogre
   958 | D        | Killed a wraith
   958 | D        | Received a gift from Okawaru
   965 | D        | Killed an ogre
   970 | D        | Killed a deep elf fighter
   970 | D        | Reached skill level 12 in Shields
  1043 | D        | Noticed a tarantella
  1047 | D        | Killed a tarantella
  1047 | D        | Reached XP level 9. HP: 83/83 MP: 9/12
  1073 | D        | Noticed a gnoll shaman
  1073 | D        | Noticed a molten gargoyle
  1073 | D        | Noticed a mottled dragon
  1083 | D        | Killed a mottled dragon
  1086 | D        | Killed a gnoll shaman
  1090 | D        | Noticed a vampire
  1100 | D        | Killed a molten gargoyle
  1106 | D        | Killed a vampire
  1119 | D        | Noticed a quasit
  1120 | D        | Noticed a lindwurm
  1128 | D        | Killed a lindwurm
  1128 | D        | Reached skill level 13 in Armour
  1135 | D        | Killed a quasit
  1135 | D        | Reached skill level 10 in Fighting
  1235 | D        | Noticed a redback
  1235 | D        | Noticed Harold
  1238 | D        | Killed a redback
  1249 | D        | Killed Harold
  1249 | D        | Reached XP level 10. HP: 64/94 MP: 12/14
  1455 | D        | Noticed a wight
  1455 | D        | Noticed a wight
  1455 | D        | Noticed a two-headed ogre
  1456 | D        | Noticed a wight
  1460 | D        | Killed a wight
  1466 | D        | Killed a wight
  1470 | D        | Killed a two-headed ogre
  1473 | D        | Killed a wight
  1480 | D        | Noticed a wight
  1480 | D        | Noticed a tarantella
  1483 | D        | Killed a tarantella
  1483 | D        | Acquired Okawaru's second power
  1484 | D        | Killed a wight
  1484 | D        | Reached skill level 14 in Shields
  1495 | D        | Noticed Snorg
  1495 | D        | Noticed a molten gargoyle
  1495 | D        | Noticed a phantasmal warrior
  1504 | D        | Killed a molten gargoyle
  1518 | D        | Killed Snorg
  1518 | D        | Received a gift from Okawaru
  1531 | D        | Killed a phantasmal warrior
  1533 | D        | Noticed a vampire mage
  1539 | D        | Noticed a warg
  1540 | D        | Noticed an ogre
  1542 | D        | Killed a vampire mage
  1544 | D        | Noticed a hound
  1597 | D        | Killed a warg
  1599 | D        | Killed an ogre
  1602 | D        | Killed a hound
  1606 | D        | Noticed a giant leech
  1615 | D        | Killed a giant leech
  1615 | D        | Reached skill level 15 in Shields
  1627 | D        | Killed a ghost moth
  1627 | D        | Reached skill level 15 in Armour
  1627 | D        | Reached skill level 10 in Dodging
  1627 | D        | Reached XP level 11. HP: 59/103 MP: 0/16
  1632 | D        | Noticed a quasit
  1638 | D        | Gained mutation: Your magical capacity is low (-10% MP). [mutagenic meat]
  1639 | D        | Killed a quasit
  1641 | D        | Gained mutation: You evolve. [mutagenic meat]
  1670 | D        | Noticed an iguana
  1670 | D        | Noticed a two-headed ogre
  1675 | D        | Killed a two-headed ogre
  1678 | D        | Killed an iguana
  1860 | D        | Noticed a wraith
  1860 | D        | Noticed a wraith
  1863 | D        | Noticed a wraith
  1869 | D        | Killed a wraith
  1869 | D        | Reached skill level 15 in Maces & Flails
  1870 | D        | Noticed a harpy
  1870 | D        | Noticed Josephine
  1872 | D        | Noticed a wraith
  1875 | D        | Noticed a shadow
  1875 | D        | Killed a wraith
  1877 | D        | Killed a wraith
  1878 | D        | Noticed an elephant
  1880 | D        | Killed a harpy
  1888 | D        | Killed Josephine
  1895 | D        | Killed a wraith
  1900 | D        | Killed an elephant
  1900 | D        | Reached skill level 16 in Shields
  1902 | D        | Killed a shadow
  1905 | D        | Noticed a freezing wraith
  1905 | D        | Noticed a harpy
  1906 | D        | Noticed a soldier ant
  1906 | D        | Noticed a harpy
  1913 | D        | Killed a harpy
  1916 | D        | Killed a harpy
  1916 | D        | Received a gift from Okawaru
  1922 | D        | Killed a soldier ant
  1931 | D        | Killed a freezing wraith
  1939 | D        | Noticed a harpy
  1946 | D        | Killed a harpy
  2053 | D        | Got the +5 mace of Generosity {drain, Str+4 Int+2 Dex-4}
  2184 | D        | Noticed a deep troll
  2184 | D        | Noticed a blue devil
  2184 | D        | Noticed a merfolk
  2184 | D        | Noticed a ghoul
  2184 | D        | Noticed a ghoul
  2184 | D        | Noticed a ghoul
  2184 | D        | Noticed a wandering mushroom
  2184 | D        | Noticed an iron imp
  2184 | D        | Noticed a wind drake
  2185 | D        | Noticed a merfolk javelineer
  2186 | D        | Noticed a killer bee
  2193 | D        | Noticed a red draconian
  2194 | D        | Noticed a merfolk avatar
  2198 | D        | Noticed a killer bee
  2201 | D        | Noticed a killer bee
  2209 | D        | Killed a ghoul
  2211 | D        | Noticed a fire crab
  2211 | D        | a wind drake changed into a fire crab
  2213 | D        | Noticed a ghoul
  2221 | D        | Killed a ghoul
  2221 | D        | Received a gift from Okawaru
  2221 | D        | Reached skill level 10 in Invocations
  2234 | D        | Killed a merfolk avatar
  2234 | D        | Reached skill level 17 in Shields
  2234 | D        | Reached XP level 12. HP: 76/113 MP: 11/16
  2240 | D        | Killed a merfolk javelineer
  2244 | D        | Killed a merfolk
  2248 | D        | Noticed an eidolon
  2252 | D        | Noticed a two-headed ogre
  2252 | D        | Noticed a ghoul
  2256 | D        | Killed a red draconian
  2257 | D        | Noticed a killer bee
  2259 | D        | Killed a fire crab
  2261 | D        | Noticed a guardian serpent
  2262 | D        | Noticed a hill giant
  2263 | D        | Noticed a mottled dragon
  2263 | D        | Noticed a water elemental
  2265 | D        | Noticed a deep elf summoner
  2267 | D        | Killed a water elemental
  2268 | D        | Killed a mottled dragon
  2269 | D        | Slain by a wandering mushroom

Vault maps used:
D:        pitsprint

Action                   |  1- 3 |  4- 6 |  7- 9 | 10-12 || total
-------------------------+-------+-------+-------+-------++-------
Melee: Flail             |     6 |       |       |       ||     6
       Mace              |     5 |    52 |    38 |    77 ||   172
       Morningstar       |       |       |    79 |   150 ||   229
Throw: Tomahawk          |       |       |       |     1 ||     1
Invok: Heroism           |       |     2 |     6 |     4 ||    12
       Finesse           |       |       |       |     4 ||     4
  Use: Potion            |       |     1 |     4 |     7 ||    12
       Scroll            |       |       |       |     1 ||     1
  Eat: Chunk             |       |       |     2 |     2 ||     4
       Bread ration      |       |       |       |     1 ||     1
